 Dungeon Crawl Stone Soup version 0.31-a0-965-g8a8ce12e04 (webtiles) character file.

Game seed: 97759254594355811

1462 Maxmaps the Mimic (level 8, -1/46 (48) HPs)
             Began as an Octopode Shapeshifter on Oct 27, 2023.
             Slain by a wight
             ... wielding a +1 dire flail of freezing
              (6 damage)
             ... on level 6 of the Dungeon.
             The game lasted 00:05:23 (5988 turns).

Maxmaps the Mimic (Octopode Shapeshifter)           Turns: 5988, Time: 00:05:24

HP:   -1/46 (48)    AC:  1    Str: 19    XL:     8   Next: 77%
MP:   8/8           EV: 13    Int: 14    God:
Gold: 307           SH:  0    Dex: 12    Spells: 7/7 levels left

rFire   . .          .
                       - Unarmed
rCold   . . .        (shield currently unavailable)
rNeg    . . .        (helmet restricted)
rPois   +            (no amulet)
rElec   .            e - ring of poison resistance
rCorr   .            f - +6 ring of strength
SInv    .            (no ring)
Will    .....        (no ring)
Stlth   +++          (no ring)
HPRegen 0.27/turn    (no ring)
MPRegen 0.11/turn    (no ring)
                     (no ring)

%: no passive effects
@: blade tentacles, lightly drained
A: almost no armour, amphibious, 8 rings, camouflage 1, gelatinous body 1,
(nimble swimmer 1), tentacles
a: Begin Untransformation


You were on level 6 of the Dungeon.
You had blades for main tentacles.
You visited 1 branch of the dungeon, and saw 6 of its levels.
You also visited: Sewer.

You collected 307 gold pieces.

Inventory:

Jewellery
 e - a ring of poison resistance (left blade tentacle)
 f - a +6 ring of strength (right blade tentacle)
Talismans
 b - a beast talisman
 c - a flux talisman
 d - a blade talisman (active)
Wands
 a - a wand of mindburst (17)
Scrolls
 g - 2 scrolls of silence
 i - 4 scrolls of teleportation
 k - 2 scrolls of noise
 l - a scroll of immolation
 q - a scroll of torment {unknown}
 r - 2 scrolls of poison {unknown}
 s - 4 scrolls of identify
 u - a scroll of amnesia
Potions
 h - 2 potions of degeneration
 j - a potion of ambrosia
 m - a potion of berserk rage {unknown}
 n - a potion of heal wounds
 o - 3 potions of cancellation
 p - 2 potions of experience {unknown}
 t - a potion of curing {unknown}


   Skills:
 - Level 1.0 Fighting
 - Level 2.0 Dodging
 + Level 3.1 Stealth
 - Level 3.0 Unarmed Combat
 - Level 10.0 Shapeshifting


You had 7 spell levels left.
You didn't know any spells.
Your spell library was empty.

Dungeon Overview and Level Annotations

Branches:
Dungeon (6/15)              Sewer (visited)
 Temple: D:4-7

Altars:
Ashenzari
Hepliaklqana
Makhleb
Nemelex Xobeh
Vehumet
Wu Jian
Yredelemnul
Zin

Shops:
D:3 (


Innate Abilities, Weirdness & Mutations

You have blades for main tentacles.
You are incapable of wielding weapons or throwing items.
You cannot wear most types of armour.
You are amphibious.
You can wear up to eight rings at the same time.
Your skin changes colour to match your surroundings (Stealth+).
Your rubbery body absorbs attacks. (AC +1, EV +1)
((You are camouflaged when in or above water. (Stealth+)))
You have tentacles for arms and can constrict up to eight enemies at once.


Message History

2 wights come into view.
There are monsters nearby!
There are monsters nearby!
There is an open door here.
A wight comes into view.
It is wielding a +1 dire flail of freezing.
The wight hits you with a +2 long sword!
You slash the wight! You grab the wight.
The wight is severely damaged.
You constrict the wight.
The wight hits you with a +2 long sword.
You hit the wight but do no damage. You squeeze the wight.
You destroy the wight!
The wight hits you with a +4 flail!
Your Stealth skill gained 2 levels and is now at level 2!
You are too injured to fight recklessly!
You are too injured to fight recklessly!
Unknown command.
You barely miss the wight. Your grab misses the wight. You slash the wight!
You grab the wight.
The wight is almost destroyed.
You constrict the wight. The wight closely misses you.
You slash the wight!
You destroy the wight!
Your Stealth skill increases to level 3!
You slash the wight! Your grab misses the wight.
The wight is heavily damaged.
The wight closely misses you.
You hit the wight. You grab the wight.
The wight is severely damaged.
You constrict the wight, but do no damage.
The wight misses you.
You completely miss the wight.
The wight is severely damaged.
You constrict the wight, but do no damage.
The wight hits you with a +1 dire flail of freezing!
* * * LOW HITPOINT WARNING * * *
You feel drained.
* * * LOW HITPOINT WARNING * * *
The wight freezes you.
You die...

#................#..
#................'..
#................#..
#................#..
#
#.........########..
.##.######'####
#.....
.........#....#
#.....
......)..#....#
#.....
......z@.'....#
######
.##.....##....#
##.... #.....##...##
#..... #.....##...#
#.....
#............#
#.....
#............#
#.....
#............#
#.....
####+####...##
##.... #....


You could see a wight.

Vanquished Creatures
  A water moccasin (D:5)
  A black bear (D:6)
  An ice beast (D:5)
  An ogre (D:5)
  4 kobold brigands (Sewer)
  A bullfrog (D:4)
  3 scorpions
  2 wights (D:6)
  A jelly (D:5)
  An orc priest (D:5)
  4 hounds
  An iguana (D:6)
  A sleepcap (D:5)
  2 orc wizards
  8 adders
  A white imp (D:6)
  3 worms
  5 dart slugs
  14 orcs
  8 bats
  4 endoplasms
  6 giant cockroaches
  2 goblins
  7 hobgoblins
  21 kobolds
  7 quokkas
  8 ball pythons
  9 frilled lizards
  7 rats
134 creatures vanquished.

Notes
Turn   | Place    | Note
-------+----------+-------------------------------------------
     0 | D:1      | Maxmaps the Octopode Shapeshifter began the quest for the
                  | Orb.
     0 | D:1      | Reached XP level 1. HP: 13/13 MP: 1/1
   350 | D:1      | Reached XP level 2. HP: 17/18 MP: 2/2
  1331 | D:2      | Reached skill level 4 in Shapeshifting
  1331 | D:2      | Reached XP level 3. HP: 19/23 MP: 3/3
  2112 | D:3      | Found Soynnumi's Antique Weapon Shop.
  2137 | D:3      | Reached XP level 4. HP: 17/28 MP: 4/4
  2878 | D:4      | Noticed a bullfrog
  2896 | D:4      | Killed a bullfrog
  2897 | D:4      | Reached skill level 5 in Shapeshifting
  2897 | D:4      | Reached XP level 5. HP: 6/33 MP: 5/5
  3105 | D:4      | Found a glowing drain.
  3117 | Sewer    | Entered a sewer
  3180 | Sewer    | Noticed a kobold brigand
  3185 | Sewer    | Killed a kobold brigand
  3186 | Sewer    | Reached skill level 6 in Shapeshifting
  3186 | Sewer    | Reached XP level 6. HP: 29/38 MP: 6/6
  3481 | Sewer    | Reached skill level 7 in Shapeshifting
  3481 | Sewer    | Reached XP level 7. HP: 39/43 MP: 7/7
  3583 | D:4      | HP: 3/64 [something/magic dart (5)]
  3587 | D:4      | HP: 1/64 [something (3)]
  4300 | D:5      | Entered Level 5 of the Dungeon
  4564 | D:5      | Reached skill level 8 in Shapeshifting
  4598 | D:5      | Found a broken altar of Ashenzari.
  4687 | D:5      | Reached XP level 8. HP: 32/48 MP: 8/8
  4817 | D:5      | Found a basalt altar of Yredelemnul.
  4896 | D:5      | Reached skill level 9 in Shapeshifting
  5277 | D:5      | Found a sparkling altar of Nemelex Xobeh.
  5277 | D:5      | Found a hazy altar of Hepliaklqana.
  5284 | D:5      | Found a glowing silver altar of Zin.
  5286 | D:5      | Found an ornate altar of the Wu Jian Council.
  5288 | D:5      | Found a radiant altar of Vehumet.
  5574 | D:6      | Found a burning altar of Makhleb.
  5855 | D:6      | Reached skill level 10 in Shapeshifting
  5988 | D:6      | Slain by a wight

Illustrated notes

Levels and vault maps discovered:
D:1:      noname_arrival_rooms_in_the_neighbourhood, layout_basic,
          chequers_serial_rivers_small_a, minmay_misc_feat_alley
D:2:      layout_basic, fountainhead
D:3:      layout_basic, serial_shops, nicolae_shop_overgrown_old_shop,
          kennysheep_generic_room_13
D:4:      layout_gridville, portal_sewer_entry_f, minmay_diced_spiral
D:5:      layout_loops_ring, mainiacjoe_overflow_brackets, lemuel_crystal_altar,
          chequers_temple_overflow_minitemple, chequers_serial_rivers_room_a
D:6:      layout_gridville, old_standard_altar, kennysheep_vampire_church,
          hangedman_abyss_or_decor_passed

Skill      XL: |  1  2  3  4  5  6  7  8 |
---------------+-------------------------+-----
Shapeshifting  | 4 5 6 7 8 10 | 10.0
Stealth        | 3 |  3.1
Fighting       | |  1.0
Dodging        | |  2.0
Unarmed Combat | |  3.0

Action                     |  1- 3 |  4- 6 |  7- 9 || total
---------------------------+-------+-------+-------++-------
  Melee: Unarmed           |    73 |    96 |   134 ||   303
         Constrict         |    16 |    23 |    30 ||    69
         Tentacles         |    13 |    20 |    30 ||    63
         Punch             |       |     3 |     8 ||    11
    Use: Scroll            |       |     7 |     2 ||     9
         Potion            |       |     1 |     4 ||     5
   Stab: Sleeping          |     5 |     6 |     6 ||    17
         Invisible         |       |       |     1 ||     1
 Armour: Skin              |    35 |    63 |    84 ||   182
  Dodge: Dodged            |    52 |    46 |    65 ||   163
   Form: Blade             |       |       |     1 ||     1

Table legend: (Time is in decaauts)
 A = Elapsed time spent in this place.
 B = Non-inter-level travel time spent in this place.
 C = Inter-level travel time spent in this place.
 D = Time resting spent in this place.
 E = Time spent auto-exploring this place.
 F = Levels seen in this place.
 G = Mean time per level.
                   A        B        C        D        E       F      G
               +--------+--------+--------+--------+--------+-----+--------+
         Total |   5968 |   5833 |    135 |    706 |   4264 |   7 |  852.6 |
       Dungeon |   5587 |   5452 |    135 |    679 |   4036 |   6 |  931.2 |
         Sewer |    381 |    381 |      0 |     27 |    228 |   1 |  381.0 |
               +--------+--------+--------+--------+--------+-----+--------+

Top non-repeatable levels by time:
     D:5: 1226 daAuts
     D:1: 1109 daAuts
     D:4: 1073 daAuts
     D:2: 964 daAuts
     D:3: 759 daAuts
     D:6: 455 daAuts
   Sewer: 381 daAuts
